 Dungeon Crawl Stone Soup version 0.19.5 (webtiles) character file.

26997 senseless the Carver (level 13, -2/101 HPs)
             Began as a Demonspawn Fighter on Dec 29, 2016.
             Was the Champion of Okawaru.
             Killed by divine providence
             ... invoked by a mummy priest
              (14 damage)
             ... on level 14 of the Dungeon on Apr 25, 2017.
             The game lasted 01:05:47 (11586 turns).

senseless the Carver (Demonspawn Fighter)          Turns: 11586, Time: 01:05:49

Health: -2/101     AC: 19    Str: 17    XL:     13   Next: 2%
Magic:  13/13      EV: 14    Int: 19    God:    Okawaru [******]
Gold:   948        SH: 19    Dex: 17    Spells: 0 memorised, 12 levels left

rFire  . . .     SeeInvis +     G - +6 scimitar (freeze)
rCold  . . .     Gourm    .     R - +5 troll leather armour of the Turtle {rPois rC- Regen+ Int+7}
rNeg   . . .     Faith    .     c - +1 shield
rPois  +         Spirit   .     (helmet unavailable)
rElec  .         Reflect  +     h - +1 cloak
rCorr  .         Harm     .     v - +3 pair of gauntlets of War {Slay+5}
MR     .....                    y - +1 pair of boots
Stlth  ++++......               n - +6 amulet of reflection
                                A - ring of see invisible
                                l - +2 ring of intelligence

@: no status effects
A: horns 3, talons 1, yellow scales 1, camouflage 1, blink, cold resistance 1,
deformed body, demonic guardian 1, poison resistance, powered by death 1
a: Blink, Heroism, Finesse, Renounce Religion


You were on level 14 of the Dungeon.
You worshipped Okawaru.
Okawaru was exalted by your worship.
You were hungry.

You visited 2 branches of the dungeon, and saw 15 of its levels.

You collected 1253 gold pieces.
You spent 305 gold pieces at shops.

Inventory:

Hand Weapons
 G - a +6 scimitar of freezing (weapon)
 K - a +2 shortbow of velocity
Missiles
 i - 5 tomahawks of dispersal (quivered)
 M - 244 arrows
Armour
 c - a +1 shield (worn)
 g - +2 pearl dragon scales
 h - a +1 cloak (worn)
 v - the +3 pair of gauntlets of War (worn) {Slay+5}
   (You found it on level 6 of the Dungeon)

   It affects your accuracy and damage with ranged weapons and melee attacks
   (+5).
 y - a +1 pair of boots (worn)
 R - the +5 troll leather armour of the Turtle (worn) {rPois rC- Regen+ Int+7}
   (Okawaru gifted it to you on level 12 of the Dungeon)

   It affects your intelligence (+7).
   It makes you vulnerable to cold.
   It protects you from poison.
   It increases your rate of regeneration.
Jewellery
 l - a +2 ring of intelligence (left hand)
 n - a +6 amulet of reflection (around neck)
 p - an uncursed ring of stealth
 A - a ring of see invisible (right hand)
 B - a +5 amulet of reflection
 W - an uncursed amulet of magic regeneration
Wands
 x - a wand of iceblast (7/15)
 z - a wand of flame (20/48)
 I - a wand of digging (7/24)
 P - a wand of disintegration (19/24)
 Q - a wand of paralysis (9/24)
Scrolls
 o - 2 scrolls of amnesia
 s - 5 scrolls of teleportation
 u - 2 scrolls of identify
 w - 4 scrolls of remove curse
 H - 2 scrolls of blinking
 L - 3 scrolls of recharging
 N - a scroll of fog
Potions
 d - 3 potions of might
 e - 4 potions of brilliance
 m - 4 potions of flight
 q - 5 potions of cancellation
 C - 5 potions of curing
 E - a potion of agility
 F - a potion of haste
 U - a potion of resistance
 X - a potion of cure mutation
Books
 O - a book of Flames

   Spells                             Type                      Level
   a - Flame Tongue                   Conjuration/Fire             1
   b - Throw Flame                    Conjuration/Fire             2
   c - Conjure Flame                  Conjuration/Fire             3
   d - Inner Flame                    Hexes/Fire                   3
   e - Sticky Flame                   Conjuration/Fire             4
   f - Fireball                       Conjuration/Fire             5
Comestibles
 f - 6 bread rations
 j - 2 royal jellies
 k - 8 beef jerkies
 r - 8 meat rations
 Y - a slice of pizza


   Skills:
 + Level 9.5 Fighting
 + Level 12.3 Long Blades
 + Level 7.8 Armour
 + Level 5.2 Dodging
 + Level 4.2 Stealth
 + Level 10.4 Shields


You had 12 spell levels left.
You didn't know any spells.

Dungeon Overview and Level Annotations

Branches:
Dungeon (14/15)            Temple (1/1) D:5            Lair (0/6) D:9
    Orc (0/2) D:11
 Vaults: D:13-14

Altars:
Ashenzari
Cheibriados
Dithmenos
Elyvilon
Fedhas
Hepliaklqana
Kikubaaqudgha
Nemelex Xobeh
Okawaru
Qazlal
Ru
Sif Muna
Trog
Uskayaw
Vehumet
Xom
Yredelemnul
Zin
The Shining One

Shops:
D:6 !

Annotations:
D:12 Kirke
D:14 Menkaure


Innate Abilities, Weirdness & Mutations

You have a pair of large horns on your head.
You are partially covered in yellow scales. (AC +2)
A weak demonic guardian rushes to your aid.
You regenerate a little health from kills.
You have sharp toenails.
Your skin changes colour to match your surroundings (Stealth+).
You can translocate small distances at will.
Your flesh is cold resistant. (rC+)
Armour fits poorly on your strangely shaped body.
Your system is resistant to poisons. (rPois)


Message History

You block the mummy priest's attack. You block Menkaure's attack.
Unknown command.
You slash the mummy priest! You headbutt the mummy priest.
The mummy priest is almost destroyed.
You block Menkaure's attack.
The mummy priest prays to its god.
You blink.
You feel slightly more hungry.
Your shadow imp hits Menkaure.
You hit the spectral centaur warrior.
You headbutt the spectral centaur warrior!
The spectral centaur warrior is moderately damaged.
You block the spectral centaur warrior's attack.
The centaur warrior skeleton hits you but does no damage.
You slice the spectral centaur warrior!!
You freeze the spectral centaur warrior.
The spectral centaur warrior is heavily damaged.
You block the spectral centaur warrior's attack.
The centaur warrior skeleton barely misses you.
The mummy priest calls down the wrath of its god upon you.
Something smites you!
You die...

#..###8#)#.####.###..#
###.#.##.#.#8#.###...#
#......###...####...##
##..#....#.....#8#....##
#8.###......#...###.....
##.(###..#.......###.###
#..ยง######...#...##.#
##.5MM#.###.###..#..##
[.#.nZ@"/8#...##....(#
###...Z#.###.###..#.....
#...######...#...##.###
#..## #.......###.# #8.#
....#...# ..# ##.
..#.....# ..# ..###...##
..# ## .#8# .#


You could see a mummy priest, a spectral centaur warrior, a necrophage,
Menkaure, a centaur warrior skeleton and a friendly shadow imp.

Vanquished Creatures
  Harold (D:12)
  3 centaur warriors (D:13)
  A tengu warrior (D:13)
  An unseen horror (D:13)
  A manticore (D:13)
  5 hill giants
  3 ugly things
  2 slime creatures (D:13)
  A cyclops (D:14)
  The ghost of dscm the Blocker, a novice OpFi (D:5)
  A centaur zombie (D:11)
  The ghost of Scuka the Archer, a novice CeHu of Okawaru (D:6)
  Joseph (D:8)
  Maurice (D:8)
  A komodo dragon (D:10)
  2 guardian mummies (D:14)
  4 trolls
  Prince Ribbit (D:8)
  A hornet (D:9)
  3 two-headed ogres
  9 hippogriffs
  A wraith (D:11)
  3 hogs (D:12)
  10 yaks
  3 steam dragons
  Eustachio (D:6)
  4 hungry ghosts
  A wyvern (D:12)
  4 vampire mosquitoes
  2 mottled dragons
  A water moccasin (D:8)
  A black bear (D:12)
  2 orc warriors
  2 ice beasts
  A necrophage (D:7)
  4 phantoms
  7 sky beasts
  6 ogres
  8 centaurs
  2 crocodiles (D:9)
  2 big kobolds
  12 bullfrogs
  A scorpion (D:13)
  A water moccasin skeleton (D:11)
  A wyvern skeleton (D:13)
  20 wights
  4 killer bees (D:13)
  6 howler monkeys
  7 crimson imps
  4 jellies
  2 quasits
  3 centaur skeletons
  4 orc priests
  5 hounds
  7 orc wizards
  6 bullfrog skeletons
  11 iguanas
  3 worker ants
  The ghost of dscm the Ducker, a weakling OpFi (D:4)
  The ghost of dscm the Shield-Bearer, a weakling OpFi (D:3)
  2 hound zombies
  2 hound skeletons
  A mummy (D:14)
  A worker ant zombie (D:7)
  9 adders
  5 gnolls
  A howler monkey skeleton (D:11)
  7 shadow imps
  2 adder skeletons
  A worm (D:2)
  7 leopard geckos
  50 orcs
  3 giant cockroaches
  7 goblins
  4 hobgoblins (D:1)
  19 jackals
  A quokka (D:5)
  2 ball pythons
  4 bats
  9 frilled lizards
  14 kobolds
  2 quokka zombies
  8 rats
369 creatures vanquished.

Vanquished Creatures (collateral kills)
  A hill giant (D:11)
  A centaur skeleton (D:13)
  3 slime creatures
  A hound (D:10)
6 creatures vanquished.

Vanquished Creatures (others)
  3 centaurs
  5 toadstools (D:1)
8 creatures vanquished.

Grand Total: 383 creatures vanquished

Notes
Turn   | Place    | Note
-------+----------+-------------------------------------------
     0 | D:1      | senseless the Demonspawn Fighter began the quest for the Orb.
     0 | D:1      | Reached XP level 1. HP: 18/18 MP: 1/1
   126 | D:1      | Gained mutation: You are partially covered in yellow scales. (AC +2) [demonic ancestry]
   126 | D:1      | Reached XP level 2. HP: 12/24 MP: 2/2
   415 | D:1      | Reached skill level 2 in Long Blades
   672 | D:1      | Reached XP level 3. HP: 29/29 MP: 3/3
  1474 | D:1      | Gained mutation: You have supernaturally acute eyesight. (SInv) [potion of beneficial mutation]
  1662 | D:2      | Found a shattered altar of Ashenzari.
  1662 | D:2      | Found a bloodstained altar of Trog.
  1771 | D:2      | Found a deep blue altar of Sif Muna.
  2016 | D:3      | Gained mutation: You have a pair of small horns on your head. [demonic ancestry]
  2016 | D:3      | Reached XP level 4. HP: 35/35 MP: 4/4
  2033 | D:3      | Noticed dscm's ghost (weakling OpFi)
  2048 | D:3      | Killed dscm's ghost
  2157 | D:3      | Noticed a sky beast
  2165 | D:3      | Killed a sky beast
  2165 | D:3      | Reached skill level 3 in Long Blades
  2165 | D:3      | Gained mutation: You regenerate a little health from kills. [demonic ancestry]
  2165 | D:3      | Reached XP level 5. HP: 32/42 MP: 5/5
  2176 | D:3      | Gained mutation: You are dopey. (Int -2) [mutagenic meat]
  2177 | D:3      | Gained mutation: Your spells are a little harder to cast, but a little more powerful. [mutagenic meat]
  2178 | D:3      | Gained mutation: Your body sometimes deteriorates upon taking damage. [mutagenic meat]
  2179 | D:3      | Gained mutation: Your spells are harder to cast, but more powerful. [mutagenic meat]
  2398 | D:3      | Lost mutation: You have supernaturally acute eyesight. (SInv) [potion of cure mutation]
  2398 | D:3      | Lost mutation: Your body sometimes deteriorates upon taking damage. [potion of cure mutation]
  2398 | D:3      | Lost mutation: Your spells are harder to cast, but more powerful. [potion of cure mutation]
  2398 | D:3      | Lost mutation: Your spells are a little harder to cast, but a little more powerful. [potion of cure mutation]
  2398 | D:3      | Lost mutation: You are dopey. (Int -2) [potion of cure mutation]
  2485 | D:4      | Noticed dscm's ghost (weakling OpFi)
  2518 | D:4      | Killed dscm's ghost
  2518 | D:4      | Reached XP level 6. HP: 38/48 MP: 6/6
  2611 | D:4      | Reached skill level 1 in Dodging
  2805 | D:5      | Entered Level 5 of the Dungeon
  3017 | D:5      | Reached skill level 4 in Long Blades
  3481 | D:5      | Noticed a sky beast
  3532 | D:5      | Killed a sky beast
  3532 | D:5      | Gained mutation: You have a pair of horns on your head. [demonic ancestry]
  3532 | D:5      | Reached XP level 7. HP: 23/55 MP: 7/7
  3559 | D:5      | Gained mutation: You have a pair of large horns on your head. [mutagenic meat]
  3560 | D:5      | Gained mutation: You are robust. (+10% HP) [mutagenic meat]
  3561 | D:5      | Gained mutation: You occasionally shout uncontrollably at your foes. [mutagenic meat]
  3562 | D:5      | Gained mutation: You have sharp toenails. [mutagenic meat]
  3563 | D:5      | Gained mutation: Your flesh is cold resistant. (rC+) [mutagenic meat]
  3714 | D:5      | Found a radiant altar of Vehumet.
  3727 | D:5      | Noticed dscm's ghost (novice OpFi)
  3739 | D:5      | Killed dscm's ghost
  3739 | D:5      | Reached skill level 5 in Long Blades
  3751 | D:5      | Found a staircase to the Ecumenical Temple.
  3764 | Temple   | Entered the Ecumenical Temple
  3848 | Temple   | Became a worshipper of Warmaster Okawaru
  3960 | D:5      | Reached XP level 8. HP: 67/67 MP: 8/8
  4274 | D:6      | Noticed Scuka's ghost (novice CeHu)
  4275 | D:6      | Reached skill level 5 in Armour
  4275 | D:6      | Reached skill level 5 in Shields
  4294 | D:6      | Killed Scuka's ghost
  4294 | D:6      | Reached skill level 5 in Fighting
  4377 | D:6      | Found Immas's Distillery.
  4422 | D:6      | Bought a potion of curing for 30 gold pieces
  4422 | D:6      | Bought a potion of heal wounds for 50 gold pieces
  4422 | D:6      | Bought a potion of curing for 30 gold pieces
  4422 | D:6      | Bought a potion of mutation for 25 gold pieces
  4422 | D:6      | Bought a potion of agility for 40 gold pieces
  4422 | D:6      | Bought a potion of curing for 30 gold pieces
  4422 | D:6      | Bought a potion of haste for 100 gold pieces
  4425 | D:6      | Lost mutation: You are robust. (+10% HP) [potion of mutation]
  4425 | D:6      | Gained mutation: Your system is resistant to poisons. (rPois) [potion of mutation]
  4425 | D:6      | Gained mutation: You evolve. [potion of mutation]
  4454 | D:6      | Reached skill level 6 in Long Blades
  4470 | D:6      | Reached skill level 1 in Stealth
  4496 | D:6      | Reached * piety under Okawaru
  4575 | D:6      | Noticed Eustachio
  4575 | D:6      | Reached XP level 9. HP: 68/68 MP: 9/9
  4581 | D:6      | Killed Eustachio
  4703 | D:6      | Found a shadowy altar of Dithmenos.
  4942 | D:7      | Lost mutation: You occasionally shout uncontrollably at your foes. [evolution]
  5027 | D:7      | Reached skill level 7 in Long Blades
  5074 | D:7      | Reached ** piety under Okawaru
  5608 | D:8      | Reached skill level 8 in Long Blades
  5648 | D:8      | Noticed Prince Ribbit
  5660 | D:8      | Killed Prince Ribbit
  5796 | D:8      | Found a white marble altar of Elyvilon.
  5871 | D:8      | Noticed Joseph
  5879 | D:8      | Killed Joseph
  5879 | D:8      | Reached *** piety under Okawaru
  5879 | D:8      | Reached XP level 10. HP: 64/76 MP: 10/10
  5936 | D:8      | Noticed Maurice
  5945 | D:8      | Killed Maurice
  6062 | D:8      | Found a basalt altar of Yredelemnul.
  6291 | D:9      | Gained mutation: You can translocate small distances at will. [mutagenic meat]
  6292 | D:9      | Gained mutation: Your skin changes colour to match your surroundings (Stealth+). [mutagenic meat]
  6391 | D:9      | Reached **** piety under Okawaru
  6570 | D:9      | Reached skill level 9 in Long Blades
  6582 | D:9      | Received a gift from Okawaru
  6925 | D:9      | Found a staircase to the Lair.
  7044 | D:10     | Entered Level 10 of the Dungeon
  7048 | D:10     | Reached ***** piety under Okawaru
  7070 | D:10     | Found a deep blue altar of Sif Muna.
  7100 | D:10     | Noticed a purple ugly thing
  7111 | D:10     | Killed a purple ugly thing
  7111 | D:10     | Gained mutation: A weak demonic guardian rushes to your aid. [demonic ancestry]
  7111 | D:10     | Reached XP level 11. HP: 44/84 MP: 11/11
  7114 | D:10     | Noticed a hill giant
  7473 | D:10     | Reached skill level 10 in Long Blades
  7672 | D:10     | Received a gift from Okawaru
  7869 | D:10     | Killed a hill giant
  8211 | D:10     | Gained mutation: Armour fits poorly on your strangely shaped body. [evolution]
  8211 | D:10     | Lost mutation: You evolve. [end of evolution]
  8456 | D:11     | Noticed a hill giant
  8462 | D:11     | Killed a hill giant
  8536 | D:11     | Found a staircase to the Orcish Mines.
  8605 | D:11     | Noticed a hill giant
  8612 | D:11     | Killed a hill giant
  8626 | D:11     | Noticed a cyan ugly thing
  8634 | D:11     | Killed a cyan ugly thing
  8662 | D:11     | Noticed a hill giant
  8669 | D:11     | Killed a hill giant
  8673 | D:11     | Noticed a hill giant
  8680 | D:11     | Killed a hill giant
  8827 | D:11     | Reached skill level 11 in Long Blades
  9473 | D:12     | Reached ****** piety under Okawaru
  9526 | D:12     | Received a gift from Okawaru
  9529 | D:12     | Got a jewelled troll leather armour {god gift}
  9540 | D:12     | Identified the +5 troll leather armour of the Turtle {rPois rC- Regen+ Int+7} (Okawaru gifted it to you on level 12 of the Dungeon)
  9575 | D:12     | Mutation became permanent: You have a pair of large horns on your head. [demonic ancestry]
  9575 | D:12     | Reached XP level 12. HP: 79/94 MP: 12/12
  9839 | D:12     | Noticed Harold
  9857 | D:12     | Killed Harold
  9924 | D:12     | Noticed Kirke
 10582 | D:13     | Noticed a centaur warrior
 10583 | D:13     | Upgraded the game from 0.19.1-1-g22dce08 to 0.19.5
 10589 | D:13     | Killed a centaur warrior
 10673 | D:13     | Noticed a tengu warrior
 10680 | D:13     | Killed a tengu warrior
 10743 | D:13     | Noticed a centaur warrior
 10752 | D:13     | Killed a centaur warrior
 10752 | D:13     | Reached skill level 10 in Shields
 10800 | D:13     | Noticed a centaur warrior
 10810 | D:13     | Killed a centaur warrior
 10810 | D:13     | Reached skill level 5 in Dodging
 10940 | D:13     | Reached skill level 12 in Long Blades
 11250 | D:13     | Received a gift from Okawaru
 11560 | D:14     | Reached XP level 13. HP: 100/101 MP: 13/13
 11570 | D:14     | Noticed Menkaure
 11570 | D:14     | Noticed a mummy priest
 11573 | D:14     | Received a gift from Okawaru
 11586 | D:14     | Killed from afar by a mummy priest

Skill      XL: |  1  2  3  4  5  6  7  8  9 10 11 12 |
---------------+-------------------------------------+-----
Shields        | 3 4 5 6 8 9 10 | 10.4
Long Blades    | 2 3 4 5 6 8 9 11 12 | 12.3
Armour         | 3 4 5 6 7 |  7.8
Dodging        | 1 2 3 4 5 |  5.2
Fighting       | 4 5 6 7 8 9 |  9.5
Stealth        | 1 4 |  4.2

Action                   |  1- 3 |  4- 6 |  7- 9 | 10-12 | 13-15 || total
-------------------------+-------+-------+-------+-------+-------++-------
Melee: Long sword        |   193 |   137 |   243 |    58 |       ||   631
       Headbutt          |       |    40 |    68 |   123 |     4 ||   235
       Scimitar          |       |       |       |   481 |    13 ||   494
       Unarmed           |       |       |       |     2 |       ||     2
 Abil: Blink             |       |       |       |       |     1 ||     1
  Use: Scroll            |    10 |     5 |     7 |     9 |       ||    31
       Potion            |     2 |     5 |     3 |     1 |     1 ||    12
 Stab: Sleeping          |       |       |       |    13 |       ||    13
       Distracted        |       |       |       |     1 |       ||     1
  Eat: Chunk             |     4 |     7 |    11 |    17 |       ||    39
       Bread ration      |       |     1 |       |     1 |       ||     2
       Pizza             |       |       |       |     2 |       ||     2
Armor: Scale mail        |    99 |    33 |       |       |       ||   132
       Pearl dragon scal |       |    29 |    98 |   102 |       ||   229
       Troll leather arm |       |       |       |    50 |     3 ||    53
Dodge: Dodged            |    48 |    40 |    53 |   138 |     3 ||   282
Block: Shield            |    89 |    84 |   165 |   401 |    11 ||   750
       Reflection        |       |       |     2 |    33 |       ||    35
       Other             |       |       |       |     2 |       ||     2
       Rpst.: Long sword |    18 |    20 |    20 |     4 |       ||    62
       Scimitar          |       |       |       |    26 |     1 ||    27
